 Dungeon Crawl Stone Soup version 0.29.1-12-g30fa7ad0bf (webtiles) character file.

Game seed: 1478236775820227986

36 hawla the Chiller (level 3, -2/26 HPs)
             Began as a Meteoran Ice Elementalist on Jan 14, 2023.
             Succumbed to a kobold's poison
             ... on level 3 of the Dungeon.
             The game lasted 00:01:42 (259 turns).

hawla the Chiller (Meteoran Ice Elementalist)        Turns: 259, Time: 00:01:42

Health: -2/26      AC:  3    Str:  9    XL:     3   Next: 82%
Magic:  5/8        EV: 12    Int: 18    God:
Gold:   17         SH:  0    Dex: 15    Spells: 7/8 levels left

rFire   . . .      SeeInvis .   (no weapon)
rCold   . . .      Faith    .   (no shield)
rNeg    . . .      Spirit   .   a - +0 robe
rPois   .          Reflect  .   (no helmet)
rElec   .          Harm     .   (no cloak)
rCorr   .          Rampage  .   (no gloves)
Will    .....                   e - +0 pair of boots
Stlth   +.........              (no amulet)
HPRegen 0.08/turn               (no ring)
MPRegen 0.11/turn               (no ring)

@: lethally poisoned (-2 -> -25), glowing
A: sense surroundings 1, otherworldly, glowing, explore regen
a: no special abilities


You were on level 3 of the Dungeon.
You visited 1 branch of the dungeon, and saw 3 of its levels.

You collected 17 gold pieces.

Inventory:

Armour
 a - a +0 robe (worn)
 e - a +0 pair of boots (worn)


   Skills:
 + Level 2.4 Dodging
 - Level 1.4 Stealth
 + Level 3.1 Spellcasting
 + Level 5.3 Ice Magic


You had 7 spell levels left.
You knew the following spells:

 Your Spells              Type           Power      Damage    Failure   Level
a - Freeze                Ice            88%        1d10      1%          1

Your spell library contained the following spells:

 Spells                   Type           Power      Damage    Failure   Level
 Frozen Ramparts          Ice            44%        1d7       5%          3
 Ozocubu's Armour         Ice            22%        N/A       5%          3
 Hailstorm                Conj/Ice       12%        3d5       47%         4


Dungeon Overview and Level Annotations

Branches:
Dungeon (3/15) Zot: 1541

Altars:


Innate Abilities, Weirdness & Mutations

You passively map a small area around you.
You are easily found by Zot.
You glow in the dark.
You regain HP and MP as you explore.


Message History

Unknown command.
You completely miss the adder.
The adder is almost dead.
You feel sick. The adder bites you but does no damage.
Casting: Freeze (safe; 1% risk of failure)
Confirm with . or Enter, or press ? or * to list all spells.
Aiming: Freeze (safe; 1% risk of failure)
Press: ? - help, Shift-Dir - straight line, f/p - adder
Aim: an adder (almost dead, slow)
You freeze the adder.
You kill the adder!
You feel sick.
Unknown command.
Found a pink potion and 17 gold pieces.
You feel sick.
Things that are here:
an adder corpse; an adder corpse You feel sick.
A kobold comes into view.
It is wielding a +0 short sword and quivering poisoned darts.
Found 3 atropa-tipped darts and a scroll labelled ROLLATI SIDERAO.
You feel sick.
The kobold shouts!
You feel sick.
You feel sick.
You are no longer poisoned.
The kobold throws a poisoned dart.
The poisoned dart hits you.
You are poisoned.
You feel sick.
You feel sick.
You feel sick.
The kobold throws a poisoned dart.
The poisoned dart hits you!
You are lethally poisoned!
You feel very sick.
The kobold throws a poisoned dart.
The poisoned dart hits you!
You are more poisoned.
* * * LOW HITPOINT WARNING * * *
You feel very sick.
The kobold throws a poisoned dart.
The poisoned dart hits you.
You are more poisoned.
You see here a pink potion.
It was a potion of cancellation.
You feel magically purged.
You die...

..... * * , ....
* , , * #.#. #..
* ,, , * ##.. * _
..# , + *#.# * #
#@##*####*
###.###..##...##,
................
,
,.###....#.......
* ####......... ,
, * ####........(
* * #..†.........
* *
####.##....K....
,
#....##.........
, *


You could see a kobold.

Vanquished Creatures
  2 adders (D:3)
  An orc (D:3)
  A bat (D:1)
  2 endoplasms (D:1)
  A giant cockroach (D:1)
  2 goblins (D:1)
  A quokka (D:3)
  3 ball pythons
  A frilled lizard (D:3)
  A rat (D:2)
15 creatures vanquished.

Notes
Turn   | Place    | Note
-------+----------+-------------------------------------------
     0 | D:1      | hawla the Meteoran Ice Elementalist began the quest for the
                  | Orb.
     0 | D:1      | Reached XP level 1. HP: 14/14 MP: 5/5
    50 | D:1      | Reached XP level 2. HP: 20/20 MP: 2/6
   231 | D:3      | Reached skill level 5 in Ice Magic
   242 | D:3      | Reached XP level 3. HP: 25/26 MP: 4/8
   259 | D:3      | Succumbed to a kobold's poison

Illustrated notes

Levels and vault maps discovered:
D:1:      wander_arrival_peaceful_grave, layout_basic,
          dreamdust_ecumenical_altar_angels_and_demons, feat_on_display
D:2:      layout_basic, minmay_misc_feat_square
D:3:      layout_rooms, lemuel_doored_altar, marbit_many_paths, serial_shops,
          shop, serial_park_tiny_1

Skill      XL: |  1  2 |
---------------+-------+-----
Ice Magic      | 5 |  5.3
Spellcasting   | 3 |  3.1
Dodging        | |  2.4
Stealth        | |  1.4

Action                   || total
-------------------------++-------
Melee: Unarmed           ||     3
 Cast: Freeze            ||    23
  Use: Scroll            ||     2
       Potion            ||     2
Armor: Robe              ||     9
Dodge: Dodged            ||     9
